 Dungeon Crawl Stone Soup version 0.31-a0-844-gdc52ec4e09 (webtiles) character file.

Game seed: 18144805921202877125

1141 Kurtz the Cleaver (level 8, 0/54 HPs)
             Began as an Octopode Fighter on Oct 1, 2023.
             Was an Initiate of Gozag.
             Slain by a sky beast (6 damage)
             ... on level 6 of the Dungeon.
             The game lasted 00:05:57 (6316 turns).

Kurtz the Cleaver (Octopode Fighter)                Turns: 6316, Time: 00:05:59

Health: 0/54       AC:  2    Str: 19    XL:     8   Next: 37%
Magic:  8/8        EV: 12    Int: 10    God:    Gozag
Gold:   1201       SH: 10    Dex: 12    Spells: 7/7 levels left

rFire   . . .        a - +0 war axe
rCold   . . .        r - +2 kite shield
rNeg    . . .        b - +1 hat
rPois   .            (no amulet)
rElec   .            (no ring)
rCorr   .            (no ring)
SInv    .            (no ring)
Will    +....        (no ring)
Stlth   ++           (no ring)
HPRegen 0.29/turn    (no ring)
MPRegen 0.11/turn    (no ring)
                     (no ring)

%: no passive effects
@: no status effects
A: almost no armour, amphibious, 8 rings, camouflage 1, gelatinous body 1,
(nimble swimmer 1), tentacles, strong-willed 1, strong 1
a: Renounce Religion, Potion Petition, Call Merchant, Bribe Branch


You were on level 6 of the Dungeon.
You worshipped Gozag.
Gozag was most pleased with you.
You visited 1 branch of the dungeon, and saw 6 of its levels.
You also visited: Sewer.

You collected 1426 gold pieces.
You spent 110 gold pieces at shops.
You paid 115 gold pieces to Gozag.

Inventory:

Hand Weapons
 a - a +0 war axe (weapon)
Missiles
 f - a curare-tipped dart
 j - 25 poisoned darts (quivered)
 t - a throwing net
Armour
 b - a +1 hat (worn)
 r - a +2 kite shield (worn)
Jewellery
 v - an amulet of magic regeneration
Scrolls
 g - 3 scrolls of teleportation {unknown}
 h - 2 scrolls of enchant armour {unknown}
 m - 2 scrolls of amnesia {unknown}
 p - a scroll of blinking {unknown}
 q - 4 scrolls of identify
 s - a scroll of poison {unknown}
 u - a scroll of noise {unknown}
 w - 3 scrolls of fear {unknown}
Potions
 c - 5 potions of might
 d - 2 potions of mutation
 e - 2 potions of curing
 i - 2 potions of haste {unknown}
 k - a potion of ambrosia {unknown}
 l - 3 potions of heal wounds {unknown}
 n - a potion of lignification {unknown}
 o - a potion of berserk rage {unknown}
 x - a potion of degeneration {unknown}
 z - a potion of invisibility {unknown}


   Skills:
 + Level 3.8 Fighting
 + Level 9.1 Axes
 - Level 3.0 Dodging
 * Level 4.1 Shields


You had 7 spell levels left.
You didn't know any spells.
Your spell library contained the following spells:

 Spells                   Type           Power      Damage    Failure   Level
 Foxfire                  Conj/Fire      0%         2x1d4     67%         1
 Magic Dart               Conj           0%         1d3       67%         1
 Summon Small Mammal      Summ           0%         N/A       67%         1
 Ensorcelled Hibernation  Hex/Ice        0%         N/A       80%         2
 Jinxbite                 Hex            0%         N/A       80%         2
 Searing Ray              Conj           0%         2d4       80%         2
 Sublimation of Blood     Necr           0%         N/A       80%         2
 Wereblood                Tmut           0%         N/A       80%         2
 Call Canine Familiar     Summ           0%         N/A       95%         3
 Summon Guardian Golem    Hex/Summ       0%         N/A       95%         3
 Anguish                  Hex/Necr       0%         N/A       100%        4
 Fulminant Prism          Conj/Hex       0%         3d5       100%        4
 Plasma Beam              Fire/Air       0%         2x1d10    100%        6
 Starburst                Conj/Fire      0%         6d3       100%        6
 Summon Hydra             Summ           0%         N/A       100%        7


Dungeon Overview and Level Annotations

Branches:
Dungeon (6/15)              Sewer (visited)
 Temple: D:4-7

Altars:
Gozag
Vehumet

Shops:
D:2 [

Annotations:
D:5 1 runed translucent door, Crazy Yiuf


Innate Abilities, Weirdness & Mutations

You cannot wear most types of armour.
You are amphibious.
You can wear up to eight rings at the same time.
Your skin changes colour to match your surroundings (Stealth+).
Your rubbery body absorbs attacks. (AC +1, EV +1)
((You are camouflaged when in or above water. (Stealth+)))
You have tentacles for arms and can constrict up to eight enemies at once.
You are strong-willed. (Will+)
Your muscles are strong. (Str +4, Int/Dex -1)


Message History

You closely miss the sky beast.
The sky beast is moderately wounded.
The sky beast flickers out of sight!
Deactivating autopickup; reactivate with Ctrl-A.
Something hits you. Something shocks you.
You miss something. Something hits you. Something shocks you.
You closely miss something. Your squeeze misses something.
You block something's attack.
You miss something. Something hits you. Something shocks you.
You slash something! Something hits you. Something shocks you.
You miss something. Something hits you. Something shocks you.
You block something's attack.
You closely miss something. Something hits you.
* * * LOW HITPOINT WARNING * * *
Something shocks you.
* * * LOW HITPOINT WARNING * * *
It was a potion of mutation.
You feel extremely strange.
You feel stronger.
You feel strong-willed. You block something's attack.
Unknown command.
It was a potion of curing.
You feel better. Something hits you but does no damage.
A sky beast appears from thin air!
Reactivating autopickup.
The sky beast attacks as it pursues you!
The sky beast hits you.
* * * LOW HITPOINT WARNING * * *
The sky beast shocks you.
* * * LOW HITPOINT WARNING * * *
Okay, then.
You closely miss the sky beast.
The sky beast is severely wounded.
The sky beast hits you but does no damage.
You miss the sky beast. Your squeeze misses the sky beast.
The sky beast is severely wounded.
The sky beast hits you.
* * * LOW HITPOINT WARNING * * *
The sky beast shocks you.
You die...
Your body crumbles into a pile of gold.

.......#..........#
.......#..........#
.......#..........#
(......#..........#
...(...#..........#
.......#..........#
.......#'##########
######...........#
.....#....<....Y@#
.....'...........#
.....#...........#
#....#...........##
#....##'####......#
.....#.....#......#
.....#.....#......#
.....#.....#......#
.....#.....#......#


You could see a sky beast.

Vanquished Creatures
  Menkaure (D:5)
  2 black bears (D:4)
  4 kobold brigands (Sewer)
  A scorpion (D:5)
  2 orc priests (D:5)
  2 hounds (D:5)
  3 iguanas
  An orc wizard (D:5)
  3 gnolls (D:4)
  7 adders
  5 river rats
  A white imp (D:4)
  7 worms (Sewer)
  6 dart slugs
  7 orcs
  6 ball pythons
  7 bats
  9 endoplasms
  10 giant cockroaches
  9 goblins
  12 hobgoblins
  4 quokkas
  A frilled lizard (D:1)
  5 kobolds
  9 rats
124 creatures vanquished.

Notes
Turn   | Place    | Note
-------+----------+-------------------------------------------
     0 | D:1      | Kurtz the Octopode Fighter began the quest for the Orb.
     0 | D:1      | Reached XP level 1. HP: 16/16 MP: 1/1
    78 | D:1      | Reached XP level 2. HP: 21/21 MP: 2/2
   179 | D:1      | Found a faded altar of an unknown god.
   190 | D:1      | Reached skill level 3 in Axes
   648 | D:2      | Reached XP level 3. HP: 26/26 MP: 3/3
   955 | D:2      | Found a radiant altar of Vehumet.
   962 | D:2      | Reached skill level 4 in Axes
  1125 | D:2      | Found Feqomuf's Armour Emporium.
  1288 | D:3      | Reached XP level 4. HP: 30/31 MP: 4/4
  2094 | D:4      | Reached skill level 5 in Axes
  2094 | D:4      | Reached XP level 5. HP: 36/36 MP: 5/5
  2287 | D:2      | Bought a +1 hat for 110 gold pieces
  2794 | D:4      | Reached skill level 6 in Axes
  2898 | D:4      | Noticed a black bear
  2906 | D:4      | Killed a black bear
  2907 | D:4      | Reached XP level 6. HP: 26/42 MP: 6/6
  3145 | D:4      | Noticed a black bear
  3152 | D:4      | Killed a black bear
  3153 | D:4      | Reached skill level 7 in Axes
  3315 | D:5      | Entered Level 5 of the Dungeon
  3412 | D:5      | Reached XP level 7. HP: 46/46 MP: 7/7
  3426 | D:5      | Found an opulent altar of Gozag.
  3436 | D:5      | Became a worshipper of Gozag Ym Sagoz the Greedy
  3460 | D:5      | Noticed Menkaure
  3466 | D:5      | Killed Menkaure
  3505 | D:5      | Reached skill level 8 in Axes
  3511 | D:5      | Identified a scroll of acquirement
  3512 | D:5      | Acquired 766 gold pieces
  3824 | D:5      | Found a glowing drain.
  3836 | Sewer    | Entered a sewer
  4195 | Sewer    | Reached XP level 8. HP: 40/52 MP: 8/8
  4575 | Sewer    | Reached skill level 9 in Axes
  4863 | D:5      | Found a runed translucent door.
  4864 | D:5      | Noticed Crazy Yiuf
  6312 | D:6      | Gained mutation: Your muscles are strong. (Str +4, Int/Dex
                  | -1) [potion of mutation]
  6312 | D:6      | Gained mutation: You are strong-willed. (Will+) [potion of
                  | mutation]
  6316 | D:6      | Slain by a sky beast

Illustrated notes

Levels and vault maps discovered:
D:1:      amcnicky_arrival_feature_with_door, layout_loops_ring,
          basic_ecumenical_altar, minmay_misc_feat_iff
D:2:      layout_rooms, basic_altar, serial_shops, shop, serial_park_tiny_1
D:3:      cheibrodos_greedy_goblins, layout_basic,
          corexii_item_surrounded_by_moat
D:4:      layout_loops_ring
D:5:      layout_layer_cave, grunt_gozag_breadcrumbs, gup_sewer_entry_bubbles,
          uniq_crazy_yiuf_cottage, uniq_menkaure
D:6:      minmay_evil_eye, layout_gridville, serial_shops, shop, uniq_eustachio

Skill      XL: |  1  2  3  4  5  6  7  8 |
---------------+-------------------------+-----
Axes           | 3 4 5 6 7 8 9 |  9.1
Shields        | 4 |  4.1
Fighting       | |  3.8
Dodging        | |  3.0

Action                     |  1- 3 |  4- 6 |  7- 9 || total
---------------------------+-------+-------+-------++-------
  Melee: War axe           |    61 |    88 |   112 ||   261
         Constrict         |    18 |    24 |    28 ||    70
         Tentacles         |    11 |    13 |    26 ||    50
         Punch             |       |       |     1 ||     1
  Throw: Dart              |       |     1 |     4 ||     5
    Use: Scroll            |       |       |     2 ||     2
         Potion            |       |       |     2 ||     2
   Stab: Sleeping          |     5 |     6 |    12 ||    23
         Distracted        |       |     1 |       ||     1
 Armour: Skin              |    13 |    46 |    41 ||   100
  Dodge: Dodged            |    38 |    43 |    23 ||   104
  Block: Buckler           |     9 |     7 |       ||    16
         Kite shield       |       |    22 |    39 ||    61

Table legend: (Time is in decaauts)
 A = Elapsed time spent in this place.
 B = Non-inter-level travel time spent in this place.
 C = Inter-level travel time spent in this place.
 D = Time resting spent in this place.
 E = Time spent auto-exploring this place.
 F = Levels seen in this place.
 G = Mean time per level.
                   A        B        C        D        E       F      G
               +--------+--------+--------+--------+--------+-----+--------+
         Total |   6405 |   5988 |    417 |    639 |   4077 |   7 |  915.0 |
       Dungeon |   5447 |   5030 |    417 |    481 |   3514 |   6 |  907.8 |
         Sewer |    957 |    957 |      0 |    158 |    563 |   1 |  957.0 |
               +--------+--------+--------+--------+--------+-----+--------+

Top non-repeatable levels by time:
     D:5: 1827 daAuts
     D:4: 1217 daAuts
   Sewer: 957 daAuts
     D:3: 890 daAuts
     D:2: 657 daAuts
     D:1: 653 daAuts
     D:6: 202 daAuts
